 Dungeon Crawl Stone Soup version 0.21.1 (webtiles) character file.

238 shakethe the Cudgeler (level 6, -6/62 HPs)
             Began as an Ogre Skald on Feb 4, 2018.
             Mangled by an ogre
             ... wielding a +0 giant club
              (27 damage)
             ... on level 4 of the Dungeon.
             The game lasted 00:23:45 (4809 turns).

shakethe the Cudgeler (Ogre Skald)                  Turns: 4809, Time: 00:23:46

Health: -6/62      AC:  3    Str: 18    XL:     6   Next: 7%
Magic:  4/9        EV: 10    Int: 14    God:
Gold:   183        SH:  0    Dex:  8    Spells: 3/9 levels left

rFire    . . .     SeeInvis .   a - +0 mace
rCold    . . .     Gourm    .   (no shield)
rNeg     + . .     Faith    .   b - +0 robe
rPois    .         Spirit   .   (helmet restricted)
rElec    .         Reflect  .   (no cloak)
rCorr    .         Harm     .   (gloves unavailable)
MR       .....                  (boots unavailable)
Stlth    +.........             (no amulet)
HPRegen  1.20/turn              s - ring of positive energy
MPRegen  0.11/turn              (no ring)

@: shrouded, regenerating (expiring)
A: large, unfitting armour, tough skin 1
a: no special abilities


You were on level 4 of the Dungeon.
You were hungry.

You visited 1 branch of the dungeon, and saw 4 of its levels.

You collected 183 gold pieces.

Inventory:

Hand Weapons
 a - a +0 mace (weapon)
 u - a +0 trident
Missiles
 k - 10 javelins (quivered)
Armour
 b - a +0 robe (worn)
 m - a +2 pair of gloves
 r - a cursed +0 leather armour
 t - a +0 animal skin
Jewellery
 s - a ring of positive energy (left hand)
Scrolls
 f - 2 scrolls of noise {unknown}
 g - 2 scrolls of remove curse {unknown}
 h - 2 scrolls of teleportation {unknown}
 i - a scroll of amnesia {unknown}
 j - a scroll of fog {unknown}
 n - a scroll of identify {unknown}
 q - a scroll of enchant weapon {unknown}
Potions
 e - 2 potions of haste {unknown}
 l - a potion of lignification {unknown}
 o - a potion of might {unknown}
 p - a potion of curing {unknown}
Books
 c - a book of Battle

   Spells                             Type                      Level
   a - Infusion                       Charms                       1
   b - Shroud of Golubria             Charms/Translocation         2
   c - Song of Slaying                Charms                       2
   d - Spectral Weapon                Hexes/Charms                 3
   e - Regeneration                   Charms/Necromancy            3
Comestibles
 d - 3 rations
 v - 3 chunks of flesh


   Skills:
 + Level 3.9 Fighting
 * Level 4.2 Maces & Flails
 + Level 2.9 Dodging
 - Level 2.4 Spellcasting
 + Level 3.3 Charms


You had 3 spell levels left.
You knew the following spells:

 Your Spells              Type           Power        Failure   Level  Hunger
a - Infusion              Chrm           ##..         5%          1    #......
b - Shroud of Golubria    Chrm/Tloc      #.........   17%         2    ###....
c - Regeneration          Chrm/Necr      #.........   34%         3    ###....


Dungeon Overview and Level Annotations

Branches:
Dungeon (4/15)
 Temple: D:4-7

Altars:
Sif Muna
Trog
Wu Jian

Annotations:
D:3 Ymberto's ghost, amateur NaTm


Innate Abilities, Weirdness & Mutations

You are too large for most types of armour.
You have tough skin. (AC +1)


Message History

You see here a stone.
The gnoll sergeant barely misses you. The ogre hits you but does no damage.
You slide downwards.
The hatch slams shut behind you.
You hear the hiss of flowing sand.
There is an entrance to an ossuary on this level.
Hurry and find it before the portal is buried!
Casting: Shroud of Golubria
Confirm with . or Enter, or press ? or * to list all spells.
Space distorts slightly along a thin shroud covering your body.
The ogre closely misses you.
Casting: Shroud of Golubria
Confirm with . or Enter, or press ? or * to list all spells.
Your skin crawls.
You are feeling hungry.
You hit the ogre but do no damage.
Your skin is crawling a little less now.
Your shroud bends the ogre's attack away.
You hit the ogre.
The ogre is lightly wounded.
The ogre hits you with a giant club!!
You die...

#.#######
......O@#
#######.#
#.# #.#
#.# #.#
#.# #.#


You could see an ogre.

Vanquished Creatures
  Natasha (thrice) (D:1)
  Robin (D:1)
  A gnoll (D:3)
  4 adders
  2 oozes
  A worm (D:2)
  2 dart slugs (D:1)
  2 leopard geckos
  5 bats
  A giant cockroach (D:3)
  21 goblins
  11 hobgoblins
  6 jackals
  10 kobolds
  3 quokkas
  8 frilled lizards
  7 rats
88 creatures vanquished.

Notes
Turn   | Place    | Note
-------+----------+-------------------------------------------
     0 | D:1      | shakethe the Ogre Skald began the quest for the Orb.
     0 | D:1      | Reached XP level 1. HP: 22/22 MP: 3/3
    80 | D:1      | Reached skill level 2 in Maces & Flails
   115 | D:1      | Reached XP level 2. HP: 25/29 MP: 5/5
   441 | D:1      | Reached skill level 3 in Maces & Flails
   449 | D:1      | Reached XP level 3. HP: 18/36 MP: 6/6
  1354 | D:2      | Reached XP level 4. HP: 33/45 MP: 7/7
  1732 | D:2      | Found a deep blue altar of Sif Muna.
  1809 | D:2      | Noticed Robin
  1902 | D:1      | Learned a level 2 spell: Shroud of Golubria
  1906 | D:1      | Learned a level 3 spell: Regeneration
  2176 | D:1      | Killed Robin
  2360 | D:2      | Noticed Natasha
  2373 | D:1      | Killed Natasha
  2373 | D:1      | Reached XP level 5. HP: 12/53 MP: 5/8
  2686 | D:1      | Noticed Natasha
  2695 | D:1      | Killed Natasha
  2740 | D:1      | Noticed Natasha
  2749 | D:1      | Killed Natasha
  2749 | D:1      | Reached skill level 4 in Maces & Flails
  3146 | D:2      | Found an ornate altar of the Wu Jian Council.
  3392 | D:3      | Noticed Ymberto's ghost (amateur NaTm)
  4623 | D:3      | Found a bloodstained altar of Trog.
  4642 | D:3      | Reached XP level 6. HP: 53/62 MP: 6/9
  4809 | D:4      | Mangled by an ogre

Skill      XL: |  1  2  3  4  5 |
---------------+----------------+-----
Maces & Flails | 2 3 4 |  4.2
Fighting       | 3 |  3.9
Charms         | 3 |  3.3
Dodging        | |  2.9
Spellcasting   | |  2.4

Action                   |  1- 3 |  4- 6 || total
-------------------------+-------+-------++-------
Melee: Mace              |    96 |   215 ||   311
 Cast: Shroud of Golubri |       |    15 ||    15
       Regeneration      |       |     3 ||     3
       Infusion          |       |     1 ||     1
 Stab: Sleeping          |       |     2 ||     2
  Eat: Chunk             |     1 |     6 ||     7
       Ration            |       |     2 ||     2
Armor: Robe              |    38 |    85 ||   123
Dodge: Dodged            |    82 |   171 ||   253
